 Dungeon Crawl Stone Soup version 0.31-a0-277-g31ea1f65cc (webtiles) character file.

Game seed: 15859633611426567178

103 Newt the Shooter (level 5, -1/35 HPs)
             Began as a Kobold Hunter on July 15, 2023.
             Killed by nerve-wracking pain
             ... invoked by an orc priest
              (11 damage)
             ... on level 3 of the Dungeon.
             The game lasted 00:01:40 (1953 turns).

Newt the Shooter (Kobold Hunter)                    Turns: 1953, Time: 00:01:41

Health: -1/35      AC:  3    Str:  8    XL:     5   Next: 6%
Magic:  5/5        EV: 14    Int: 10    God:
Gold:   88         SH:  0    Dex: 21    Spells: 4/4 levels left

rFire   . . .        m - +0 sling
rCold   . . .        (no shield)
rNeg    . . .        c - +0 leather armour
rPois   +            (no helmet)
rElec   .            (no cloak)
rCorr   .            (no gloves)
SInv    .            (no boots)
Will    .....        (no amulet)
Stlth   +++          f - ring of poison resistance
HPRegen 0.25/turn    (no ring)
MPRegen 0.09/turn

%: no passive effects
@: no status effects
A: small, no large weapons, nightstalker 3
a: no special abilities


You were on level 3 of the Dungeon.
You visited 1 branch of the dungeon, and saw 3 of its levels.

You collected 88 gold pieces.

Inventory:

Hand Weapons
 a - a +0 shortbow of chaos
 m - a +0 sling (weapon)
Armour
 c - a +0 leather armour (worn)
Jewellery
 f - a ring of poison resistance (left hand)
Wands
 j - a wand of roots (7)
 k - a wand of mindburst (15)
Scrolls
 b - a scroll of butterflies
 d - 2 scrolls of identify {unknown}
Potions
 e - a potion of attraction {unknown}
 g - 2 potions of curing {unknown}
 h - 2 potions of ambrosia {unknown}
 i - a potion of brilliance {unknown}
 l - a potion of heal wounds {unknown}


   Skills:
 - Level 5.0 Fighting
 + Level 5.7 Ranged Weapons
 - Level 2.4 Dodging
 - Level 1.3 Stealth


You had 4 spell levels left.
You didn't know any spells.
Your spell library was empty.

Dungeon Overview and Level Annotations

Branches:
Dungeon (3/15)

Altars:


Innate Abilities, Weirdness & Mutations

You are small and have problems with some larger weapons.
You are completely attuned to the shadows.


Message History

You shoot a sling bullet. The sling bullet hits the orc wizard!
The orc wizard is heavily wounded.
The orc wizard gestures wildly while chanting.
The orc wizard flickers and vanishes!
Deactivating autopickup; reactivate with Ctrl-A.
You hear a shout! x2
No target in view!
No target in view!
No target in view!
No target in view!
You shoot a sling bullet.
You hear a shout!
Something barely misses you.
An orc priest comes into view. It is wielding a +0 whip.
You hear a shout!
You shoot a sling bullet.
You hear some strange, mumbled words.
You are confused.
Something hits you.
You hear some strange, mumbled words.
A puff of flame appears from out of thin air!
The puff of flame hits you.
The orc priest hits you but does no damage.
You bump into the rock wall.
The orc priest closely misses you. Something hits you.
Something barely misses you.
The orc priest calls down the wrath of Beogh upon you.
Beogh smites you!
You barely miss the orc priest. Something hits you.
The orc priest closely misses you.
You clumsily bash the orc priest but do no damage.
You feel less confused. Something hits you.
The orc priest hits you with a +0 whip.
* * * LOW HITPOINT WARNING * * *
Something hits you but does no damage. The orc priest barely misses you.
You shoot a sling bullet. The sling bullet hits the orc priest!
The orc priest is heavily wounded.
The orc priest mumbles some strange prayers to Beogh against you.
Pain shoots through your body!
You die...

.#####..#####.#
.......## #.#######
#####.o######.##....# #
###..).............#
#.##...########.#.....#
.....### #.##....#
......#########.......#
.........{<...##o#...^#
..###....@.##.##†#†...#
.......##o## #)######
##.#####.# #..†)# ...
... ...... .#
#.#........! ........


You could see an orc priest.

Vanquished Creatures
  4 gnolls
  An adder (D:3)
  3 dart slugs (D:1)
  3 bats
  4 endoplasms
  2 giant cockroaches
  4 goblins
  6 hobgoblins
  6 jackals (D:1)
  A quokka (D:1)
  A ball python (D:1)
  2 frilled lizards
  5 kobolds
  4 rats
46 creatures vanquished.

Notes
Turn   | Place    | Note
-------+----------+-------------------------------------------
     0 | D:1      | Newt the Kobold Hunter began the quest for the Orb.
     0 | D:1      | Reached XP level 1. HP: 12/12 MP: 1/1
   203 | D:1      | Reached XP level 2. HP: 18/18 MP: 2/2
   320 | D:1      | Reached XP level 3. HP: 23/23 MP: 3/3
   764 | D:1      | Reached XP level 4. HP: 30/30 MP: 4/4
  1454 | D:2      | Found a faded altar of an unknown god.
  1630 | D:3      | Reached skill level 5 in Fighting
  1631 | D:3      | Reached XP level 5. HP: 8/35 MP: 5/5
  1953 | D:3      | Killed from afar by an orc priest

Illustrated notes

Levels and vault maps discovered:
D:1:      minmay_arrival_three_doors, layout_rooms
D:2:      layout_loops_cross, nicolae_ecumenical_lake_church,
          minmay_misc_feat_rugged
D:3:      cheibrodos_pilgrimage, layout_rooms, ebering_ghost_gozag,
          uniq_jessica, uniq_ijyb

Skill      XL: |  1  2  3  4 |
---------------+-------------+-----
Fighting       | 3 4 5 |  5.0
Ranged Weapons | |  5.7
Dodging        | |  2.4
Stealth        | |  1.3

Action                     |  1- 3 |  4- 6 || total
---------------------------+-------+-------++-------
  Melee: Sling             |       |     2 ||     2
   Fire: Shortbow          |    87 |    17 ||   104
         Sling             |       |    22 ||    22
  Evoke: Wand              |       |     1 ||     1
    Use: Scroll            |       |     2 ||     2
 Armour: Leather armour    |    15 |     6 ||    21
  Dodge: Dodged            |    60 |    11 ||    71

Table legend: (Time is in decaauts)
 A = Elapsed time spent in this place.
 B = Non-inter-level travel time spent in this place.
 C = Inter-level travel time spent in this place.
 D = Time resting spent in this place.
 E = Time spent auto-exploring this place.
 F = Levels seen in this place.
 G = Mean time per level.
                   A        B        C        D        E       F      G
               +--------+--------+--------+--------+--------+-----+--------+
         Total |   1979 |   1941 |     38 |    635 |   1056 |   3 |  659.7 |
       Dungeon |   1979 |   1941 |     38 |    635 |   1056 |   3 |  659.7 |
               +--------+--------+--------+--------+--------+-----+--------+

Top non-repeatable levels by time:
     D:2: 1043 daAuts
     D:1: 817 daAuts
     D:3: 118 daAuts
